| TOP OF THE 1ST |
|
Lansing Lugnuts batting - Pitching for Cedar Rapids Kernels : RHP Matt Springer
|
|
Pitching: RHP Matt Springer
|
|
|
Batting: RHB Tokuji Kawabata
|
0-0: Ball 1-0: Ball 2-0: Ball 3-0: Called Strike 3-1: SINGLE (Groundball, 6M, EV 103.8 MPH) (infield hit)
|
|
Batting: RHB Frank Caulfield
|
0-0: Ball 1-0: Ball 2-0: Called Strike 2-1: SINGLE (Groundball, 4M, EV 108.8 MPH) Tokuji Kawabata to second Runner from 2nd tries for 3rd, OUT! 8-5
|
|
Batting: RHB Wade Diamond
|
0-0: Ball 1-0: Fly out, F3 (Popup, 3S, EV 79.4 MPH)
|
|
Batting: RHB Brock Van Gilder
|
0-0: Ball Frank Caulfield is caught stealing 2nd base 2-4
|
| Top of the 1st over - 0 runs, 2 hits, 0 errors, 0 left on base; Lansing 0 - Cedar Rapids 0 |
| BOTTOM OF THE 1ST |
|
Cedar Rapids Kernels batting - Pitching for Lansing Lugnuts : LHP Kyle Foster
|
|
Pitching: LHP Kyle Foster
|
|
|
Batting: RHB David Nardone
|
0-0: Called Strike 0-1: Ball 1-1: SINGLE (Flyball, 8RS, EV 91.2 MPH)
|
|
Batting: RHB Sean Gould
|
0-0: Called Strike 0-1: Swinging Strike 0-2: Strikes out looking
|
|
Batting: RHB Matt Dunn
|
0-0: 2-RUN HOME RUN (Flyball, 7D, EV 98.8 MPH), Distance : 363 ft
|
|
Batting: SHB Dan Morataya
|
0-0: Ball 1-0: Ball 2-0: SINGLE (Groundball, 6D, EV 110.0 MPH)
|
|
Batting: SHB Matt Urbani
|
0-0: Ball 1-0: Called Strike 1-1: Hit by Pitch Dan Morataya to second
|
|
Batting: RHB Michael McDonald
|
0-0: Called Strike 0-1: Swinging Strike 0-2: Ball 1-2: Strikes out looking
|
|
Batting: RHB Ryan Gautney
|
0-0: Called Strike 0-1: Called Strike 0-2: Strikes out swinging
|
| Bottom of the 1st over - 2 runs, 3 hits, 0 errors, 2 left on base; Lansing 0 - Cedar Rapids 2 |
| TOP OF THE 2ND |
|
Lansing Lugnuts batting - Pitching for Cedar Rapids Kernels : RHP Matt Springer
|
|
Batting: RHB Brock Van Gilder
|
0-0: Ground out 4-3 (Groundball, 4, EV 103.8 MPH)
|
|
Batting: LHB Frank Nelson
|
0-0: Called Strike 0-1: Ball 1-1: Foul Ball, location: 2F 1-2: Ground out 4-3 (Groundball, 4M, EV 82.5 MPH)
|
|
Batting: SHB Ryan Chicoine
|
0-0: Ball 1-0: Called Strike 1-1: Ball 2-1: Called Strike 2-2: Foul Ball, location: 2F 2-2: SINGLE (Groundball, 56D, EV 95.6 MPH)
|
|
Batting: RHB Chris Martin
|
0-0: Ball 1-0: Ball 2-0: Called Strike 2-1: Called Strike Ryan Chicoine steals 2nd base 2-2: Foul Ball, location: 2F 2-2: Foul Ball, location: 2F 2-2: Ground out 4-3 (Groundball, 4, EV 90.0 MPH)
|
| Top of the 2nd over - 0 runs, 1 hit, 0 errors, 1 left on base; Lansing 0 - Cedar Rapids 2 |
| BOTTOM OF THE 2ND |
|
Cedar Rapids Kernels batting - Pitching for Lansing Lugnuts : LHP Kyle Foster
|
|
Batting: RHB Tony Crespo
|
0-0: Ball 1-0: Foul Ball, location: 2F 1-1: Swinging Strike 1-2: Ground out 1-3 (Groundball, 34S, EV 74.4 MPH)
|
|
Batting: RHB Dave Berry
|
0-0: Ball 1-0: Ball 2-0: Foul Ball, location: 2F 2-1: Foul Ball, location: 2F 2-2: Ball 3-2: Strikes out swinging
|
|
Batting: RHB David Nardone
|
0-0: Ball 1-0: Ball 2-0: Fly out, F9 (Flyball, 9LS, EV 90.0 MPH)
|
| Bottom of the 2nd over - 0 runs, 0 hits, 0 errors, 0 left on base; Lansing 0 - Cedar Rapids 2 |
| TOP OF THE 3RD |
|
Lansing Lugnuts batting - Pitching for Cedar Rapids Kernels : RHP Matt Springer
|
|
Batting: LHB Roger Escareno
|
0-0: SINGLE (Line Drive, 7S, EV 105.6 MPH)
|
|
Batting: RHB Brian Manson
|
0-0: Called Strike Roger Escareno steals 2nd base 0-1: Foul Ball, location: 2F 0-2: Strikes out looking
|
|
Batting: RHB Tokuji Kawabata
|
0-0: Ball 1-0: Called Strike 1-1: Ground out 6-3 (Groundball, 6, EV 94.4 MPH)
|
|
Batting: RHB Frank Caulfield
|
0-0: Foul Ball, location: 2F 0-1: Swinging Strike 0-2: Strikes out swinging
|
| Top of the 3rd over - 0 runs, 1 hit, 0 errors, 1 left on base; Lansing 0 - Cedar Rapids 2 |
| BOTTOM OF THE 3RD |
|
Cedar Rapids Kernels batting - Pitching for Lansing Lugnuts : LHP Kyle Foster
|
|
Batting: RHB Sean Gould
|
0-0: Foul Ball, location: 2F 0-1: Swinging Strike 0-2: Strikes out swinging
|
|
Batting: RHB Matt Dunn
|
0-0: Called Strike 0-1: Foul Ball, location: 2F 0-2: Ball 1-2: Ball 2-2: Foul Ball, location: 2F 2-2: SINGLE (Line Drive, 6D, EV 98.1 MPH)
|
|
Batting: SHB Dan Morataya
|
0-0: Called Strike 0-1: Ball 1-1: Foul Ball, location: 2F 1-2: Strikes out swinging
|
|
Batting: SHB Matt Urbani
|
0-0: Called Strike 0-1: Fielders Choice at 2nd, 6-4 (Groundball, 6, EV 103.8 MPH)
|
| Bottom of the 3rd over - 0 runs, 1 hit, 0 errors, 1 left on base; Lansing 0 - Cedar Rapids 2 |
| TOP OF THE 4TH |
|
Lansing Lugnuts batting - Pitching for Cedar Rapids Kernels : RHP Matt Springer
|
|
Batting: RHB Wade Diamond
|
0-0: Ball 1-0: Ball 2-0: Ball 3-0: Called Strike 3-1: Base on Balls
|
|
Batting: RHB Brock Van Gilder
|
0-0: Called Strike 0-1: Swinging Strike 0-2: Ball 1-2: Strikes out swinging
|
|
Batting: LHB Frank Nelson
|
0-0: Ball 1-0: Ball 2-0: Ball 3-0: Called Strike 3-1: Called Strike 3-2: Base on Balls Wade Diamond to second
|
|
Batting: SHB Ryan Chicoine
|
0-0: Called Strike 0-1: Foul Ball, location: 2F 0-2: Ball 1-2: SINGLE (Groundball, 6D, EV 105.6 MPH) Wade Diamond to third Frank Nelson to second Runner from 3rd tries for Home, SAFE, throw by CF to home
|
|
Batting: RHB Chris Martin
|
0-0: Swinging Strike 0-1: Ball 1-1: Fly out, F9 (Flyball, 9, EV 98.1 MPH)
|
|
Batting: LHB Roger Escareno
|
0-0: Foul Ball, location: 2F 0-1: Ball 1-1: Foul Ball, location: 2F 1-2: SINGLE (Groundball, 4D, EV 107.5 MPH) Frank Nelson to third Ryan Chicoine to second Runner from 3rd tries for Home, SAFE, throw by CF to home
|
|
Batting: RHB Brian Manson
|
0-0: Called Strike 0-1: Ball 1-1: Called Strike 1-2: Strikes out looking
|
| Top of the 4th over - 2 runs, 2 hits, 0 errors, 2 left on base; Lansing 2 - Cedar Rapids 2 |
| BOTTOM OF THE 4TH |
|
Cedar Rapids Kernels batting - Pitching for Lansing Lugnuts : LHP Kyle Foster
|
|
Batting: RHB Michael McDonald
|
0-0: Foul Ball, location: 2F 0-1: SINGLE (Groundball, 6D, EV 95.6 MPH)
|
|
Batting: RHB Ryan Gautney
|
0-0: Fly out, F8 (Flyball, 8RS, EV 85.0 MPH)
|
|
Batting: RHB Tony Crespo
|
0-0: Foul Ball, location: 2F 0-1: Ball 1-1: Fielders Choice at 2nd, 5-4 (Groundball, 56S, EV 87.5 MPH)
|
|
Batting: RHB Dave Berry
|
0-0: Called Strike 0-1: Ball 1-1: Foul Ball, location: 2F 1-2: Ball 2-2: Foul Ball, location: 2F 2-2: Ball 3-2: Strikes out looking
|
| Bottom of the 4th over - 0 runs, 1 hit, 0 errors, 1 left on base; Lansing 2 - Cedar Rapids 2 |
| TOP OF THE 5TH |
|
Lansing Lugnuts batting - Pitching for Cedar Rapids Kernels : RHP Matt Springer
|
|
Batting: RHB Tokuji Kawabata
|
0-0: Called Strike 0-1: Foul Ball, location: 2F 0-2: Ball 1-2: Ball 2-2: Ball 3-2: SINGLE (Flyball, 56D, EV 96.2 MPH)
|
|
Batting: RHB Frank Caulfield
|
0-0: Ball 1-0: Foul Ball, location: 2F Balk! Tokuji Kawabata to second 1-1: SINGLE (Line Drive, 4M, EV 95.0 MPH) Tokuji Kawabata to third
|
|
Batting: RHB Wade Diamond
|
0-0: Ball Frank Caulfield is caught stealing 2nd base 2-4 1-0: Ball 2-0: Ball 3-0: Swinging Strike 3-1: Swinging Strike 3-2: Ground out U3 (Groundball, 34S, EV 81.9 MPH) Tokuji Kawabata scores
|
|
Batting: RHB Brock Van Gilder
|
0-0: Called Strike 0-1: Fly out, F7 (Line Drive, 7S, EV 95.6 MPH)
|
| Top of the 5th over - 1 run, 2 hits, 0 errors, 0 left on base; Lansing 3 - Cedar Rapids 2 |
| BOTTOM OF THE 5TH |
|
Cedar Rapids Kernels batting - Pitching for Lansing Lugnuts : LHP Kyle Foster
|
|
Batting: RHB David Nardone
|
0-0: Foul Ball, location: 2F 0-1: Ball 1-1: Ball 2-1: Foul Ball, location: 2F 2-2: Strikes out swinging
|
|
Batting: RHB Sean Gould
|
0-0: Foul Ball, location: 2F 0-1: Foul Ball, location: 2F 0-2: Strikes out swinging
|
|
Batting: RHB Matt Dunn
|
0-0: Ball 1-0: Foul Ball, location: 2F 1-1: Ball 2-1: Called Strike 2-2: Fly out, F8 (Flyball, 89M, EV 83.1 MPH)
|
| Bottom of the 5th over - 0 runs, 0 hits, 0 errors, 0 left on base; Lansing 3 - Cedar Rapids 2 |
| TOP OF THE 6TH |
|
Lansing Lugnuts batting - Pitching for Cedar Rapids Kernels : RHP Matt Springer
|
|
Batting: LHB Frank Nelson
|
0-0: Ball 1-0: SINGLE (Flyball, 8RS, EV 88.1 MPH)
|
|
Batting: SHB Ryan Chicoine
|
0-0: Called Strike 0-1: DOUBLE (Line Drive, 78D, EV 108.8 MPH) Frank Nelson to third
|
|
Batting: RHB Chris Martin
|
0-0: SINGLE (Groundball, 4MD, EV 101.2 MPH) (infield hit) Frank Nelson scores Ryan Chicoine to third
|
|
Batting: LHB Roger Escareno
|
0-0: Ball 1-0: Swinging Strike 1-1: Foul Ball, location: 2F 1-2: Foul Ball, location: 2F 1-2: Strikes out swinging
|
|
Pitching: RHP Scot Abbott
|
|
|
Batting: RHB Brian Manson
|
0-0: Ball 1-0: Called Strike Chris Martin is caught stealing 2nd base 2-4 1-1: Ball 2-1: Called Strike 2-2: Strikes out swinging
|
| Top of the 6th over - 1 run, 3 hits, 0 errors, 1 left on base; Lansing 4 - Cedar Rapids 2 |
| BOTTOM OF THE 6TH |
|
Cedar Rapids Kernels batting - Pitching for Lansing Lugnuts : LHP Kyle Foster
|
|
Batting: SHB Dan Morataya
|
0-0: Called Strike 0-1: Ball 1-1: Ball 2-1: Ball 3-1: SINGLE (Line Drive, 6M, EV 104.4 MPH)
|
|
Batting: SHB Matt Urbani
|
0-0: Ball 1-0: Called Strike 1-1: Swinging Strike 1-2: Fielders Choice at 2nd, 6-4 (Groundball, 6, EV 85.0 MPH)
|
|
Batting: RHB Michael McDonald
|
0-0: Grounds into double play, 5-4-3 (Groundball, 56D, EV 83.8 MPH)
|
| Bottom of the 6th over - 0 runs, 1 hit, 0 errors, 0 left on base; Lansing 4 - Cedar Rapids 2 |
| TOP OF THE 7TH |
|
Lansing Lugnuts batting - Pitching for Cedar Rapids Kernels : RHP Scot Abbott
|
|
Batting: RHB Tokuji Kawabata
|
0-0: Ball 1-0: Ball 2-0: Called Strike 2-1: Fly out, F7 (Flyball, 7, EV 92.5 MPH)
|
|
Batting: RHB Frank Caulfield
|
0-0: Foul Ball, location: 2F 0-1: Swinging Strike 0-2: Ball 1-2: Ball 2-2: Ball 3-2: Strikes out swinging
|
|
Batting: RHB Wade Diamond
|
0-0: Called Strike 0-1: Called Strike 0-2: Foul Ball, location: 2F 0-2: Ball 1-2: Strikes out swinging
|
| Top of the 7th over - 0 runs, 0 hits, 0 errors, 0 left on base; Lansing 4 - Cedar Rapids 2 |
| BOTTOM OF THE 7TH |
|
Cedar Rapids Kernels batting - Pitching for Lansing Lugnuts : LHP Kyle Foster
|
|
Batting: RHB Ryan Gautney
|
0-0: Ball 1-0: Ball 2-0: Called Strike 2-1: SINGLE (Groundball, 6, EV 96.2 MPH)
|
|
Batting: RHB Tony Crespo
|
0-0: Ground out 5-3 (Groundball, 5S, EV 75.0 MPH) Ryan Gautney to second
|
|
Batting: RHB Dave Berry
|
0-0: Called Strike 0-1: Ball 1-1: Foul Ball, location: 2F 1-2: Strikes out looking
|
|
Batting: RHB David Nardone
|
0-0: SINGLE (Line Drive, 56D, EV 98.8 MPH) Ryan Gautney to third
|
|
Batting: RHB Sean Gould
|
0-0: Foul Ball, location: 2F 0-1: Foul Ball, location: 2F 0-2: Ball 1-2: Strikes out looking
|
| Bottom of the 7th over - 0 runs, 2 hits, 0 errors, 2 left on base; Lansing 4 - Cedar Rapids 2 |
| TOP OF THE 8TH |
|
Lansing Lugnuts batting - Pitching for Cedar Rapids Kernels : RHP Scot Abbott
|
|
Pitching: RHP Steven Legge
|
|
|
Batting: RHB Brock Van Gilder
|
0-0: Ball 1-0: SINGLE (Flyball, 9S, EV 99.4 MPH)
|
|
Batting: LHB Frank Nelson
|
0-0: Ball 1-0: Foul Ball, location: 2F 1-1: Foul Ball, location: 2F 1-2: Ball 2-2: SINGLE (Groundball, 4MD, EV 105.0 MPH) (infield hit) Brock Van Gilder to second
|
|
Batting: SHB Ryan Chicoine
|
0-0: Bunt missed! 0-1: Bunt missed! 0-2: Foul Ball, location: 2F 0-2: SINGLE (Groundball, 23, EV 66.2 MPH) (infield hit) Brock Van Gilder to third Frank Nelson to second
|
|
Batting: RHB Chris Martin
|
0-0: Swinging Strike 0-1: Ball 1-1: Called Strike 1-2: Ball 2-2: Strikes out swinging
|
|
Batting: LHB Roger Escareno
|
0-0: Foul Ball, location: 2F 0-1: Foul Ball, location: 2F 0-2: Ball 1-2: Foul Ball, location: 2F 1-2: SINGLE (Groundball, 34D, EV 104.4 MPH) Brock Van Gilder scores Frank Nelson to third Ryan Chicoine to second
|
|
Batting: RHB Brian Manson
|
0-0: Called Strike 0-1: Swinging Strike 0-2: Strikes out swinging
|
|
Batting: RHB Tokuji Kawabata
|
0-0: Called Strike 0-1: Called Strike 0-2: Ball 1-2: Strikes out swinging
|
| Top of the 8th over - 1 run, 4 hits, 0 errors, 3 left on base; Lansing 5 - Cedar Rapids 2 |
| BOTTOM OF THE 8TH |
|
Cedar Rapids Kernels batting - Pitching for Lansing Lugnuts : LHP Kyle Foster
|
|
Batting: RHB Matt Dunn
|
0-0: Foul Ball, location: 2F 0-1: Ball 1-1: SINGLE (Groundball, 13S, EV 68.1 MPH) (infield hit)
|
|
Batting: SHB Dan Morataya
|
0-0: Ball 1-0: Ball 2-0: Ball 3-0: Called Strike 3-1: Fly out, F4 (Popup, 4S, EV 75.6 MPH)
|
|
Pitching: RHP Aaron Linkous
|
|
|
Batting: SHB Matt Urbani
|
0-0: Foul Ball, location: 2F 0-1: Fielders Choice at 2nd, 4-6 (Groundball, 4, EV 90.0 MPH)
|
|
Batting: RHB Michael McDonald
|
0-0: Called Strike 0-1: Swinging Strike 0-2: Strikes out swinging
|
| Bottom of the 8th over - 0 runs, 1 hit, 0 errors, 1 left on base; Lansing 5 - Cedar Rapids 2 |
| TOP OF THE 9TH |
|
Lansing Lugnuts batting - Pitching for Cedar Rapids Kernels : RHP Steven Legge
|
|
Pitching: RHP Larry Muttart
|
|
|
Batting: RHB Frank Caulfield
|
0-0: Ball 1-0: Ball 2-0: Ball 3-0: Called Strike 3-1: Base on Balls
|
|
Batting: RHB Wade Diamond
|
0-0: Fly out, F9 (Flyball, 9S, EV 87.5 MPH)
|
|
Batting: RHB Brock Van Gilder
|
0-0: Ball 1-0: Ground out 6-3 (Groundball, 6S, EV 66.2 MPH) Frank Caulfield to second
|
|
Batting: LHB Frank Nelson
|
0-0: Ball 1-0: Foul Ball, location: 2F 1-1: Ball 2-1: SINGLE (Line Drive, 4D, EV 97.5 MPH) Frank Caulfield to third
|
|
Batting: SHB Ryan Chicoine
|
0-0: Called Strike 0-1: Ball 1-1: Foul Ball, location: 2F 1-2: Foul Ball, location: 2F 1-2: Ball 2-2: Foul Ball, location: 2F 2-2: Ball 3-2: Base on Balls Frank Nelson to second
|
|
Batting: RHB Chris Martin
|
0-0: Called Strike 0-1: Ground out 5-3 (Groundball, 56S, EV 73.8 MPH)
|
| Top of the 9th over - 0 runs, 1 hit, 0 errors, 3 left on base; Lansing 5 - Cedar Rapids 2 |
| BOTTOM OF THE 9TH |
|
Cedar Rapids Kernels batting - Pitching for Lansing Lugnuts : RHP Aaron Linkous
|
|
Batting: RHB Ryan Gautney
|
0-0: Ball 1-0: Called Strike 1-1: Fly out, F6 (Popup, 6, EV 78.1 MPH)
|
|
Pinch Hitting: LHB Ho-win Zhou
|
0-0: Fly out, F3 (Line Drive, 3, EV 66.9 MPH)
|
|
Pinch Hitting: LHB Israel Montoya
|
0-0: Foul Ball, location: 2F 0-1: Ball 1-1: Foul Ball, location: 2F 1-2: Foul Ball, location: 2F 1-2: Ground out 3-1 (Groundball, 34S, EV 93.8 MPH)
|
| Bottom of the 9th over - 0 runs, 0 hits, 0 errors, 0 left on base; Lansing 5 - Cedar Rapids 2 |
|